AoeStats
← small_rain_111

Nomad

510529807Analyzed
3v3 RM · 2d ago on Oct 1, 2026· 44m 22s· 6 players
Game mode
Random Map
Map size
210×210
Population
200
Speed
Normal
Resources
Standard
Victory
Conquest
Starting age
Dark Age
Ending age
Imperial Age
RankedLock teamsTeams togetherTeam positionsShared explorationLock speedFull tech treeHidden civsTurbo modeCheats
Victory
Defeat
🇪🇸 Lithuanians · Spain
1080
+15
🇩🇴 Bohemians · Dominican Republic
1058
+16
🇧🇾 Mongols · Belarus
1026
+17
🇨🇳 Spanish · China
1084
-17
🇹🇼 Franks · Taiwan
1083
-17
🇨🇳 Burgundians · China
1006
-14
Arietediron
3:59 Loom
16:49 Feudal Age
18:11 Wheelbarrow
18:02 Fishing Lines
18:18 Double-Bit Axe
22:25 Castle Age
21:59 Town Watch
23:30 Forging
23:25 Scale Barding Armor
24:04 Husbandry
28:25 Scale Mail Armor
30:54 Squires
30:38 Pikeman
31:56 Medium Warships
34:28 Gillnets
38:50 Arson
42:25 Imperial Age
40:14 Bow Saw
41:47 Iron Casting
41:28 Chain Mail Armor
41:13 Padded Archer Armor
41:04 Fletching
41:34 Chain Barding Armor
42:55 Chemistry
43:37 Halberdier
44:32 Wagenburg Tactics
Angelstraw
6:52 Loom
14:09 Feudal Age
19:12 Castle Age
17:34 Fishing Lines
18:18 Double-Bit Axe
19:34 Fletching
21:10 Bow Saw
22:42 Bow Saw
23:55 Scale Mail Armor
25:44 Wheelbarrow
24:55 Town Watch
25:01 Town Watch
25:26 Horse Collar
28:03 Chain Mail Armor
29:30 Pikeman
30:21 Forging
33:16 Iron Casting
37:03 Imperial Age
37:02 Bodkin Arrow
37:16 Gold Mining
37:18 Stone Mining
37:53 Scale Barding Armor
38:18 Conscription
39:33 Husbandry
39:43 Bloodlines
40:29 Chain Barding Armor
40:59 Squires
40:39 Halberdier
44:00 Plate Barding Armor
43:25 Bracer
43:31 Hill Forts
44:12 Arson
PDP.dog
14:08 Feudal Age
14:32 Fishing Lines
15:00 Double-Bit Axe
21:15 Castle Age
22:08 Loom
23:24 Wheelbarrow
24:05 Bow Saw
23:26 Pikeman
25:00 Forging
28:02 Stone Mining
29:21 Stone Shaft Mining
32:13 Gillnets
33:50 Medium Warships
34:42 Ballistics
39:51 Bloodlines
39:03 Light Cavalry
41:23 Gold Mining
42:12 Fletching
43:52 Gold Shaft Mining
44:37 Hand Cart
178296399
3:46 Loom
13:43 Feudal Age
19:40 Castle Age
18:27 Double-Bit Axe
18:35 Horse Collar
20:06 Cavalier
29:45 Scale Barding Armor
32:27 Heavy Plow
36:51 Imperial Age
37:32 Husbandry
39:16 Chain Barding Armor
38:56 Scale Mail Armor
39:06 Forging
39:32 Gold Mining
39:32 Stone Mining
40:26 Conscription
42:04 Chemistry
41:26 Ballistics
41:35 Pikeman
43:07 Wheelbarrow
42:17 Town Watch
41:55 Paladin
43:53 Chain Mail Armor
44:13 Iron Casting
43:54 Bow Saw
44:22 Gold Shaft Mining
44:22 Stone Shaft Mining
44:20 Crop Rotation
KKL79
5:35 Loom
13:34 Feudal Age
18:00 Castle Age
16:40 Double-Bit Axe
18:16 Gold Mining
19:20 Husbandry
19:56 Scale Barding Armor
25:57 Forging
25:47 Scale Mail Armor
26:07 Chain Barding Armor
35:54 Imperial Age
37:00 Iron Casting
37:59 Chemistry
38:07 Cavalier
43:23 Blast Furnace
42:43 Chain Barding Armor
small_rain_111
5:43 Loom
14:22 Feudal Age
15:39 Gold Mining
16:16 Fishing Lines
21:48 Castle Age
21:43 Double-Bit Axe
22:41 Medium Warships
23:22 Gillnets
24:43 Bow Saw
26:14 Stone Mining
27:52 Careening
32:47 Imperial Age
31:17 Wheelbarrow
30:31 Horse Collar
31:04 Masonry
31:44 Town Watch
33:36 Ballistics
33:52 Conscription
34:40 Heavy Warships
35:24 Scale Barding Armor
35:39 Cavalier
36:40 Chain Barding Armor
37:25 Hand Cart
38:02 Bloodlines
38:10 Forging
39:37 Chemistry
39:00 Heavy Plow
39:54 Inquisition
40:46 Plate Barding Armor
41:57 Fletching
42:24 Redemption
42:38 Sanctity
42:42 Bodkin Arrow
43:10 Block Printing
43:56 Padded Archer Armor
Connection lost

Rejoining the realm…

Still unreachable

The connection could not be restored.

Session expired

The server has moved on; the page needs a fresh start.